 Dungeon Crawl Stone Soup version 0.29-a0-43-g62a80824bf (webtiles) character file.

Game seed: 810770643659935181

3830 testman the Fighter (level 9, -6/82 HPs)
             Began as a Palentonga Fighter on Feb 2, 2022.
             Was a High Priest of Okawaru.
             Mangled by a two-headed ogre (27 damage)
             ... on level 8 of the Dungeon.
             The game lasted 00:23:57 (8235 turns).

testman the Fighter (Palentonga Fighter)            Turns: 8235, Time: 00:23:58

Health: -6/82      AC: 19    Str: 30    XL:     9   Next: 97%
Magic:  12/12      EV:  8    Int:  8    God:    Okawaru [*****.]
Gold:   431        SH:  9    Dex: 10    Spells: 8/8 levels left

rFire   . . .      SeeInvis +   a - +1 war axe
rCold   + . .      Faith    .   c - +0 buckler
rNeg    . . .      Spirit   .   H - +4 ring mail {rC+}
rPois   .          Reflect  +   M - +0 helmet
rElec   .          Harm     .   j - +0 cloak
rCorr   .          Rampage  .   (no gloves)
Will    .....                   (no barding)
Stlth   ..........              y - amulet of reflection
HPRegen 0.23/turn               r - +4 ring of slaying
MPRegen 0.13/turn               K - +6 ring of strength

@: curled up
A: large, rugged brown scales 3, see invisible, deformed body, roll 1, armoured
tail, reflexive curl
a: Rolling Charge, Renounce Religion, Heroism, Finesse, Duel


You were on level 8 of the Dungeon.
You worshipped Okawaru.
Okawaru was extremely pleased with you.
You visited 2 branches of the dungeon, and saw 9 of its levels.
You also visited: Ossuary.

You collected 491 gold pieces.
You spent 60 gold pieces at shops.

Inventory:

Hand Weapons
 a - a +1 war axe (weapon)
Missiles
 h - 207 stones
 u - 21 poisoned darts
 v - 7 atropa-tipped darts
 x - 4 javelins
 F - a throwing net
Armour
 c - a +0 buckler (worn)
 j - a +0 cloak (worn)
 w - +0 swamp dragon scales
 H - a +4 ring mail of cold resistance (worn)
 M - a +0 helmet (worn)
Jewellery
 b - a ring of magical power
 q - a ring of ice
 r - a +4 ring of slaying (left hand)
 y - an amulet of reflection (around neck)
 z - an amulet of guardian spirit
 D - a ring of magical power
 E - an amulet of faith
 I - an amulet of magic regeneration
 K - a +6 ring of strength (right hand)
Wands
 s - a wand of mindburst (17)
 A - a wand of flame (24)
 C - a wand of iceblast (5)
 Q - a wand of digging (5)
Scrolls
 i - 2 scrolls of teleportation
 n - 4 scrolls of torment
 o - 2 scrolls of amnesia
 p - a scroll of immolation
 B - a scroll of enchant armour {unknown}
 J - 3 scrolls of identify
 L - a scroll of holy word {unknown}
 N - a scroll of blinking {unknown}
 O - 2 scrolls of acquirement {unknown}
Potions
 d - a potion of might
 e - 3 potions of resistance
 f - a potion of brilliance
 g - a potion of haste
 k - 8 potions of curing
 l - 2 potions of ambrosia
 m - 4 potions of mutation
 t - a potion of magic
 G - a potion of flight
 P - a potion of attraction {unknown}


   Skills:
 + Level 9.6 Fighting
 + Level 9.3 Axes
 + Level 3.1 Armour
 - Level 4.0 Shields
 + Level 5.0 Invocations


You had 8 spell levels left.
You didn't know any spells.
Your spell library contained the following spells:

 Spells                   Type           Power      Damage    Failure   Level
 Sublimation of Blood     Necr           0%         N/A       75%         2
 Wereblood                Tmut           0%         N/A       75%         2
 Passage of Golubria      Tloc           0%         N/A       100%        4
 Petrify                  Tmut/Erth      0%         N/A       100%        4
 Irradiate                Conj/Tmut      0%         3d13      100%        5
 Yara's Violent Unravell  Hex/Tmut       0%         3d3       100%        5
 Chain Lightning          Conj/Air       0%         N/A       100%        9
 Fire Storm               Conj/Fire      0%         5d1       100%        9
 Shatter                  Erth           0%         3d5*      100%        9
 Tukima's Dance           Hex            Unusable   N/A       N/A         3
 Summon Hydra             Summ           Unusable   N/A       N/A         7

Dungeon Overview and Level Annotations

Branches:
Dungeon (8/15)             Temple (1/1) D:4         Ossuary (visited)
   Lair: D:8-11

Altars:
Ashenzari
Cheibriados
Dithmenos
Fedhas
Gozag
Hepliaklqana
Kikubaaqudgha
Makhleb
Okawaru
Qazlal
Ru
Sif Muna
Trog
Uskayaw
Vehumet
Wu Jian
Xom
Yredelemnul
Zin

Shops:
D:4 *!   D:7 *


Innate Abilities, Weirdness & Mutations

You are completely covered in rugged brown scales. (AC +3, +7% HP)
You have supernaturally acute eyesight. (SInv)
Armour fits poorly on your strangely shaped body.
You can roll at nearby foes to attack.
You have a long armoured tail.
You curl defensively after being hit. (AC +7*)


Message History

Found a great sword.
Found a cloak.
You now have 416 gold pieces (gained 11).
You see here a +0 cloak.
You pick up Great Wizards, Vol.
VII and begin reading...
You add the spells Passage of Golubria and Yara's Violent Unravelling to your library.
Found a stone staircase leading down.
You pick up a book of Annihilations and begin reading...
You add the spells Chain Lightning, Fire Storm and Shatter to your library.
Okay, then.
You now have 425 gold pieces (gained 9).
h - 207 stones (gained 22)
Found a whip.
Found a short sword.
You see here a +0 whip.
You enter the shallow water.
Moving in this stuff is going to be slow.
You now have 431 gold pieces (gained 6).
There is an open door here.
A two-headed ogre comes into view.
It is wielding a +0 giant club and a +0 giant spiked club.
The two-headed ogre shouts in stereo!
Roll where?
Press: ? - help, Q - select action, (/) - cycle Dir - move target, f - two-headed ogre
Aim: a two-headed ogre, wielding a +0 giant club and a +0 giant spiked club You roll forward with a clatter of scales!
You slash the two-headed ogre!
The two-headed ogre is moderately wounded.
The two-headed ogre closely misses you.
The two-headed ogre hits you with a +0 giant spiked club!!
You slash the two-headed ogre!
The two-headed ogre is heavily wounded.
The two-headed ogre hits you with a +0 giant club!
The two-headed ogre hits you with a +0 giant spiked club.
You slash the two-headed ogre!
The two-headed ogre is severely wounded.
The two-headed ogre hits you with a +0 giant club!!
* * * LOW HITPOINT WARNING * * *
You block the two-headed ogre's attack.
The two-headed ogre hits you with a +0 giant club!!
You die...

#.....# #........###....
#.....# #..........(....
#.....###...............
#.......................
####....................
#..........#####.###....
#..........#####.#......
#.......O.<......#......
#......@##..............
####.......##.......######.
#..'.......'.>.............
#.##.......##.......######.
#.##.......##..............
#.##.............##........
#.#####..........##........
#.# #..........##........
#.#####................#...


You could see a two-headed ogre.

Vanquished Creatures
  Harold (D:7)
  A troll (D:7)
  A slime creature (D:7)
  A shadow (D:7)
  A steam dragon (D:6)
  A water moccasin (D:6)
  2 black bears (D:6)
  An ice beast (D:6)
  2 centaurs
  An elf zombie (Ossuary)
  A gnoll sergeant (D:5)
  An elf skeleton (D:6)
  A bullfrog (D:6)
  3 scorpions (D:5)
  A wyvern skeleton (D:7)
  2 water moccasin zombies
  A water moccasin skeleton (D:6)
  4 killer bees (D:8)
  3 howler monkeys (D:8)
  4 wights (D:8)
  A centaur zombie (D:5)
  Crazy Yiuf (D:2)
  A bullfrog skeleton (D:6)
  4 hounds
  A gnoll shaman (D:8)
  An orc priest (D:5)
  2 centaur skeletons
  An iguana (D:5)
  Terence (D:2)
  An orc wizard (D:7)
  4 human skeletons (D:6)
  A killer bee zombie (D:6)
  A hound zombie (D:5)
  3 mummies (Ossuary)
  A hound skeleton (D:4)
  12 gnolls
  4 adders
  A shadow imp (D:5)
  A white imp (D:7)
  An ufetubus (D:5)
  An adder skeleton (D:4)
  3 adder zombies (Ossuary)
  3 worms (D:2)
  2 dart slugs
  11 orcs
  6 ball pythons
  8 endoplasms
  3 giant cockroaches
  A gnoll zombie (Ossuary)
  6 goblins
  4 hobgoblins
  6 jackals
  4 quokkas
  5 bats
  A frilled lizard (D:2)
  5 hobgoblin zombies (Ossuary)
  10 kobolds
  4 kobold zombies (Ossuary)
  An orc skeleton (D:6)
  4 quokka zombies (Ossuary)
  5 rats
169 creatures vanquished.

Notes
Turn   | Place    | Note
-------+----------+-------------------------------------------
     0 | D:1      | testman the Palentonga Fighter began the quest for the Orb.
     0 | D:1      | Reached XP level 1. HP: 19/19 MP: 1/1
   142 | D:1      | Reached XP level 2. HP: 24/25 MP: 2/2
   772 | D:2      | Reached XP level 3. HP: 21/31 MP: 3/3
  1362 | D:2      | Noticed Terence
  1368 | D:2      | Killed Terence
  1369 | D:2      | Reached XP level 4. HP: 30/39 MP: 4/4
  1552 | D:2      | Found a runed translucent door.
  1553 | D:2      | Noticed Crazy Yiuf
  1561 | D:2      | Killed Crazy Yiuf
  2743 | D:3      | Found an ancient bone altar of Kikubaaqudgha.
  3039 | D:4      | Found a staircase to the Ecumenical Temple.
  3049 | Temple   | Entered the Ecumenical Temple
  3212 | Temple   | Became a worshipper of Warmaster Okawaru
  3321 | D:4      | Reached XP level 5. HP: 42/46 MP: 5/5
  3348 | D:4      | Found a stormy altar of Qazlal.
  3675 | D:4      | Found Miolotui's Distillery.
  3684 | D:4      | Bought 2 potions of curing for 60 gold pieces
  3743 | D:4      | Reached skill level 5 in Fighting
  3947 | D:4      | Found Cedgh's Overcharged Wands.
  4029 | D:5      | Entered Level 5 of the Dungeon
  4039 | D:5      | Reached XP level 6. HP: 36/54 MP: 6/6
  4322 | D:5      | Reached skill level 5 in Axes
  4381 | D:5      | Gained mutation: You curl defensively after being hit. (AC
                  | +7*) [Palentonga growth]
  4381 | D:5      | Reached XP level 7. HP: 28/62 MP: 7/7
  4668 | D:5      | Reached * piety under Okawaru
  4757 | D:5      | Found a bloodstained altar of Trog.
  5296 | D:6      | Reached XP level 8. HP: 66/71 MP: 8/8
  5370 | D:6      | Reached ** piety under Okawaru
  5434 | D:6      | Found a sand-covered staircase.
  5448 | Ossuary  | Entered an ossuary
  6091 | D:6      | Reached *** piety under Okawaru
  6092 | D:6      | Reached skill level 1 in Invocations
  6092 | D:6      | Reached XP level 9. HP: 51/80 MP: 10/10
  6469 | D:7      | Noticed Harold
  6482 | D:7      | Killed Harold
  6817 | D:7      | Found Gadduc's Lightly-Used Armoury.
  6921 | D:7      | Noticed a troll
  6926 | D:7      | Killed a troll
  6926 | D:7      | Reached **** piety under Okawaru
  7410 | D:7      | Found a shimmering blue altar of Sif Muna.
  7540 | D:7      | Found a glowing silver altar of Zin.
  7818 | D:8      | Reached ***** piety under Okawaru
  7821 | D:8      | Reached skill level 5 in Invocations
  8216 | D:8      | Noticed a two-headed ogre
  8235 | D:8      | Mangled by a two-headed ogre

Illustrated notes

Levels and vault maps discovered:
D:1:      zaba_arrival_water, layout_loops_cross, hangedman_decor_lopped,
          serial_park_tiny_pond
D:2:      layout_basic, palyth_stone_intersect, st_stairs_13,
          minmay_split_cup_small, uniq_terence, uniq_crazy_yiuf_cottage
D:3:      layout_loops_ring, nicolae_kikubaaqudgha_miasma_corner
D:4:      layout_rooms, nicolae_qazlal_eye_of_the_storm,
          minmay_temple_entry_purple_smoke, serial_shops,
          nicolae_shop_advertising_works [nicolae_subvault_shop_adworks],
          minmay_fountain_box, nicolae_shop_overcharged_wands
D:5:      layout_gridville, trog_three_pillars_becter,
          nicolae_concentric_dashed_squares_mild
D:6:      layout_loops_cross, nicolae_ossuary_entry_catacombs
D:7:      layout_loops_corners, lemuel_blue_sif_altar, zin_treasury,
          minmay_misc_feat_x, minmay_shop_damaged, wad_mini_maze, uniq_harold
D:8:      layout_basic, serial_rivers, chequers_serial_rivers_micro_a,
          chequers_serial_rivers_small_3, chequers_serial_rivers_small_a,
          chequers_serial_rivers_room_a, chequers_serial_rivers_micro_e,
          chequers_serial_rivers_room_a, minmay_diced_spiral
Temple:   jpeg_temple_clearing

Skill      XL: |  1  2  3  4  5  6  7  8  9 |
---------------+----------------------------+-----
Axes           | 3 4 5 6 8 9 |  9.3
Fighting       | 4 5 6 7 8 9 |  9.6
Shields        | 3 4 |  4.0
Invocations    | 1 5 |  5.0
Armour         | 3 |  3.1

Action                   |  1- 3 |  4- 6 |  7- 9 || total
-------------------------+-------+-------+-------++-------
Melee: War axe           |    77 |   114 |   190 ||   381
       Tailslap          |     6 |    16 |    37 ||    59
Invok: Heroism           |       |       |     1 ||     1
 Abil: Rolling Charge    |       |       |    36 ||    36
Evoke: Wand              |       |       |     1 ||     1
  Use: Potion            |       |     1 |       ||     1
       Scroll            |       |       |    13 ||    13
Armor: Scale mail        |    54 |    24 |       ||    78
       Swamp dragon scal |       |    29 |    42 ||    71
       Ring mail         |       |       |    15 ||    15
Dodge: Dodged            |    28 |    48 |    48 ||   124
Block: Buckler           |    17 |    36 |    70 ||   123
       Reflection        |       |     1 |     1 ||     2

Table legend: (Time is in decaauts)
 A = Elapsed time spent in this place.
 B = Non-inter-level travel time spent in this place.
 C = Inter-level travel time spent in this place.
 D = Time resting spent in this place.
 E = Time spent auto-exploring this place.
 F = Levels seen in this place.
 G = Mean time per level.
                   A        B        C        D        E       F      G
               +--------+--------+--------+--------+--------+-----+--------+
         Total |   8333 |   8036 |    297 |    921 |   5853 |  10 |  833.3 |
       Dungeon |   8011 |   7714 |    297 |    921 |   5657 |   8 | 1001.4 |
        Temple |    187 |    187 |      0 |      0 |    144 |   1 |  187.0 |
       Ossuary |    134 |    134 |      0 |      0 |     52 |   1 |  134.0 |
               +--------+--------+--------+--------+--------+-----+--------+

Top non-repeatable levels by time:
     D:2: 1597 daAuts
     D:7: 1384 daAuts
     D:5: 1179 daAuts
     D:6: 1072 daAuts
     D:4: 844 daAuts
     D:1: 777 daAuts
     D:3: 686 daAuts
     D:8: 469 daAuts
  Temple: 187 daAuts
 Ossuary: 134 daAuts
